 Dungeon Crawl Stone Soup version 0.27-a0-1220-g54dba09ff7 (webtiles) character file.

Game seed: 17737863004769592233

3027 Delamore the Spear-Bearer (level 10, -17/74 HPs)
             Began as a Formicid Fighter on June 7, 2021.
             Was an Initiate of Gozag.
             Demolished by a two-headed ogre
             ... wielding a +0 giant club
              (22 damage)
             ... on level 9 of the Dungeon.
             The game lasted 00:11:54 (10516 turns).

Delamore the Spear-Bearer (Formicid Fighter)       Turns: 10516, Time: 00:11:55

Health: -17/74     AC: 11    Str: 25    XL:     10   Next: 10%
Magic:  10/10      EV:  6    Int:  7    God:    Gozag
Gold:   1205       SH: 10    Dex: 10    Spells: 9/9 levels left

rFire    . . .     SeeInvis +   o - +0 spear (vorpal)
rCold    . . .     Faith    .   c - +1 kite shield
rNeg     . . .     Spirit   .   i - +0 chain mail
rPois    +         Reflect  .   (helmet unavailable)
rElec    .         Harm     .   m - +0 cloak
rCorr    +         Rampage  .   (no gloves)
Will     +....                  x - +0 pair of boots
Stlth    ..........             (no amulet)
HPRegen  0.22/turn              h - ring of resist corrosion
MPRegen  0.12/turn              j - ring of poison resistance

@: no status effects
A: permanent stasis, dig shafts and tunnels, antennae 3, four strong arms
a: Dig, Shaft Self, Renounce Religion, Potion Petition, Call Merchant, Bribe
Branch


You were on level 9 of the Dungeon.
You worshipped Gozag.
Gozag was most pleased with you.
You visited 2 branches of the dungeon, and saw 11 of its levels.

You collected 1244 gold pieces.
You paid 39 gold pieces to Gozag.

Inventory:

Hand Weapons
 a - a +0 trident
 o - a +0 vorpal spear (weapon)
 s - a +0 halberd
Missiles
 l - 18 poisoned darts (quivered)
 p - 3 throwing nets
Armour
 b - a +0 scale mail
 c - a +1 kite shield (worn)
 i - a +0 chain mail (worn)
 m - a +0 cloak (worn)
 w - a scarf of shadows
 x - a +0 pair of boots (worn)
Jewellery
 h - a ring of resist corrosion (left hand)
 j - a ring of poison resistance (right hand)
Wands
 t - a wand of polymorph (15)
 v - a wand of acid (1)
Scrolls
 u - 2 scrolls of enchant armour
 y - a scroll of noise
 A - 2 scrolls of amnesia
 D - a scroll of identify
Potions
 d - a potion of might
 e - a potion of ambrosia
 f - a potion of degeneration
 k - a potion of resistance
 n - 3 potions of haste
 q - 5 potions of berserk rage
 r - a potion of brilliance
 z - a potion of cancellation {unknown}
 B - a potion of lignification {unknown}
 C - a potion of curing {unknown}


   Skills:
 - Level 5.0 Fighting
 * Level 12.7 Polearms
 - Level 3.2 Armour
 - Level 3.6 Shields


You had 9 spell levels left.
You didn't know any spells.
Your spell library contained the following spells:

 Spells                   Type           Power      Damage    Failure   Level
 Corona                   Hex            0%         N/A       100%        1
 Sting                    Tmut/Pois      0%         1d3       100%        1
 Ensorcelled Hibernation  Hex/Ice        0%         N/A       100%        2
 Poisonous Vapours        Pois/Air       0%         N/A       100%        2
 Confusing Touch          Hex            0%         N/A       100%        3
 Dazzling Flash           Conj/Hex       0%         N/A       100%        3
 Ignite Poison            Fire/Tmut/Pois 0%         N/A       100%        3
 Mephitic Cloud           Conj/Pois/Air  0%         N/A       100%        3
 Tukima's Dance           Hex            0%         N/A       100%        3
 Olgreb's Toxic Radiance  Pois           0%         N/A       100%        4


Dungeon Overview and Level Annotations

Branches:
Dungeon (10/15)            Temple (1/1) D:5
   Lair: D:8-11         Orc: D:9-12

Altars:
Fedhas
Gozag
Nemelex Xobeh
Okawaru
Trog
Vehumet
Yredelemnul

Annotations:
D:6 1 runed translucent door, exclusion: oklob plant, Crazy Yiuf
D:7 Joseph
D:10 Harold


Innate Abilities, Weirdness & Mutations

You cannot be hasted, slowed, berserked, paralysed or teleported.
You can dig through walls and to a lower floor.
You have a pair of large antennae on your head. (SInv)
Your four strong arms can wield two-handed weapons with a shield.


Message History

The two-headed ogre is heavily wounded.
The two-headed ogre completely misses you.
You block the two-headed ogre's attack.
You hit the two-headed ogre.
The two-headed ogre is heavily wounded.
You hit the two-headed ogre but do no damage.
The two-headed ogre is heavily wounded.
You block the two-headed ogre's attack. The two-headed ogre barely misses you.
You barely miss the two-headed ogre.
The two-headed ogre is heavily wounded.
You barely miss the two-headed ogre.
The two-headed ogre is heavily wounded.
The two-headed ogre hits you with a +0 giant club!!
You block the two-headed ogre's attack.
You hit the two-headed ogre.
The two-headed ogre is heavily wounded.
You hit the two-headed ogre.
The two-headed ogre is severely wounded.
The two-headed ogre hits you with a +0 giant club!!
* * * LOW HITPOINT WARNING * * *
You block the two-headed ogre's attack.
The two-headed ogre looks more healthy.
You feel much better.
You hit the two-headed ogre.
The two-headed ogre is severely wounded.
The two-headed ogre hits you with a +0 giant club!!
* * * LOW HITPOINT WARNING * * *
The two-headed ogre closely misses you.
You extend your mandibles.
You dig through the rock wall.
You retract your mandibles.
The two-headed ogre hits you but does no damage.
The two-headed ogre hits you with a +0 giant spiked club!
* * * LOW HITPOINT WARNING * * *
Found a spear.
Found a trident and 15 gold pieces.
You block the two-headed ogre's attack.
The two-headed ogre hits you with a +0 giant spiked club!!
You die...
Your body crumbles into a pile of gold.

#.........########..#.<.##
#####.....# #..#.$(
#.........# . #..#...
#......####.# #..####
#...........# ....
#...........#
.#####..#########
.................#
..........O@...).#
.........####..$.#
......#### ..... ......
.... ..#... ##. ..#..) ..
$


You could see a two-headed ogre.

Vanquished Creatures
  An unseen horror (D:10)
  A vampire (D:10)
  Eustachio (D:5)
  An acid dragon (D:7)
  An orc warrior (D:10)
  3 sky beasts
  3 black bears
  3 ogres
  2 ice beasts
  A centaur (D:7)
  A bullfrog (D:8)
  2 scorpions
  2 centaur zombies
  4 hounds
  2 orc priests (D:7)
  4 gnoll shamans
  3 bullfrog skeletons
  2 centaur skeletons
  4 iguanas
  Robin (D:2)
  4 adders
  27 gnolls
  A white imp (D:7)
  2 worms
  A dart slug (D:3)
  8 orcs
  9 bats
  6 endoplasms
  A giant cockroach (D:4)
  20 goblins
  10 hobgoblins
  20 jackals
  3 quokkas (D:1)
  4 ball pythons
  A frilled lizard (D:3)
  2 kobolds (D:1)
  A quokka skeleton (D:4)
  8 rats
170 creatures vanquished.

Notes
Turn   | Place    | Note
-------+----------+-------------------------------------------
     0 | D:1      | Delamore the Formicid Fighter began the quest for the Orb.
     0 | D:1      | Reached XP level 1. HP: 18/18 MP: 1/1
   259 | D:1      | Reached XP level 2. HP: 16/24 MP: 2/2
   490 | D:1      | Reached XP level 3. HP: 29/30 MP: 3/3
   496 | D:1      | Reached skill level 3 in Polearms
   686 | D:1      | Found a faded altar of an unknown god.
   757 | D:1      | Became a worshipper of Fedhas Madash
   757 | D:1      | Reached * piety under Fedhas
  1434 | D:2      | Reached XP level 4. HP: 37/37 MP: 4/4
  1519 | D:2      | Noticed Robin
  1740 | D:2      | Reached ** piety under Fedhas
  1747 | D:2      | Killed Robin
  1748 | D:2      | Reached skill level 4 in Polearms
  1755 | D:2      | Reached XP level 5. HP: 22/42 MP: 5/5
  1960 | D:2      | Identified a scroll of acquirement
  1960 | D:2      | Acquired 502 gold pieces
  2818 | D:3      | Reached XP level 6. HP: 31/49 MP: 6/6
  2843 | D:3      | Reached skill level 5 in Polearms
  3463 | D:4      | Noticed an ogre
  3590 | D:4      | Reached *** piety under Fedhas
  3591 | D:4      | Reached skill level 5 in Fighting
  3595 | D:4      | Noticed a sky beast
  3624 | D:4      | Killed a sky beast
  3686 | D:4      | Killed an ogre
  3687 | D:4      | Reached skill level 6 in Polearms
  3687 | D:4      | Reached XP level 7. HP: 21/56 MP: 7/7
  4112 | D:4      | Reached skill level 7 in Polearms
  4508 | D:4      | Reached XP level 8. HP: 61/62 MP: 8/8
  4631 | D:5      | Entered Level 5 of the Dungeon
  4954 | D:5      | Reached skill level 8 in Polearms
  5105 | D:5      | Found a staircase to the Ecumenical Temple.
  5122 | Temple   | Entered the Ecumenical Temple
  5127 | Temple   | Fell from the grace of Fedhas
  5127 | Temple   | Became a worshipper of Gozag Ym Sagoz the Greedy
  5652 | D:5      | Noticed Eustachio
  6096 | D:5      | Killed Eustachio
  6097 | D:5      | Reached skill level 9 in Polearms
  7170 | D:6      | Reached skill level 10 in Polearms
  7170 | D:6      | Reached XP level 9. HP: 66/68 MP: 9/9
  7648 | D:6      | Found a runed translucent door.
  7649 | D:6      | Noticed Crazy Yiuf
  7727 | D:6      | Noticed a wandering mushroom
  7727 | D:6      | Noticed a wandering mushroom
  7882 | D:7      | Reached skill level 11 in Polearms
  7894 | D:7      | HP: 2/68 [acid (6)]
  8464 | D:6      | Noticed an oklob plant
  8464 | D:6      | Noticed a wandering mushroom
  8464 | D:6      | Noticed a wandering mushroom
  8464 | D:6      | Noticed a wandering mushroom
  8466 | D:6      | You fall into a shaft and drop 2 floors!
  8543 | D:8      | Found a bloodstained altar of Trog.
  9484 | D:7      | Noticed Joseph
  9884 | D:7      | Was forgiven by Fedhas
 10006 | D:7      | Noticed a cyan ugly thing
 10029 | D:7      | You fall into a shaft and drop 3 floors!
 10029 | D:10     | Entered Level 10 of the Dungeon
 10029 | D:10     | Noticed an unseen horror
 10042 | D:10     | Killed an unseen horror
 10043 | D:10     | Reached skill level 12 in Polearms
 10279 | D:10     | Reached XP level 10. HP: 74/74 MP: 10/10
 10386 | D:10     | Noticed Harold
 10467 | D:9      | Noticed a two-headed ogre
 10500 | D:9      | HP: 1/74 [two-headed ogre/+0 giant club (12)]
 10516 | D:9      | Demolished by a two-headed ogre

Illustrated notes

Levels and vault maps discovered:
D:1:      minmay_arrival_hallway, layout_basic,
          hellmonk_ecumenical_altar_heavens_door, minmay_misc_feat_roman
D:2:      layout_basic, minmay_tripent, uniq_robin
D:3:      layout_loops_corners
D:4:      layout_rooms
D:5:      layout_basic, minmay_temple_entry_sparse_star, uniq_eustachio
D:6:      layout_loops_ring, chequers_serial_rivers_small_a,
          uniq_crazy_yiuf_cottage
D:7:      layout_layer_cave, uniq_joseph
D:8:      layout_rooms, lemuel_tele_altar, serial_shops, shop,
          ebering_ghost_gozag, chequers_serial_rivers_marsh
D:9:      layout_grid_maze, david_lair_shrubbed
D:10:     lemuel_slime, layout_loops_cross, serial_shops, shop_coins,
          kennysheep_generic_room_15, uniq_grum, uniq_harold
Temple:   nicolae_temple_the_god_donut

Skill      XL: |  1  2  3  4  5  6  7  8  9 |
---------------+----------------------------+-----
Polearms       | 3 4 6 7 10 12 | 12.7
Fighting       | 4 5 |  5.0
Armour         | |  3.2
Shields        | |  3.6

Action                   |  1- 3 |  4- 6 |  7- 9 | 10-12 || total
-------------------------+-------+-------+-------+-------++-------
Melee: Trident           |   113 |    82 |       |       ||   195
       Spear             |       |   173 |   468 |    56 ||   697
Throw: Dart              |       |     7 |    45 |     2 ||    54
       Throwing net      |       |       |     2 |       ||     2
 Abil: Dig               |       |     1 |    20 |     3 ||    24
       Shaft Self        |       |       |     2 |       ||     2
Evoke: Wand              |       |       |       |     4 ||     4
  Use: Scroll            |     1 |     2 |    10 |       ||    13
       Potion            |       |       |     4 |     1 ||     5
Armor: Scale mail        |    13 |       |       |       ||    13
       Chain mail        |    46 |    87 |   149 |     5 ||   287
Dodge: Dodged            |    21 |    46 |    80 |    11 ||   158
Block: Kite shield       |    51 |   109 |   195 |    15 ||   370

Table legend: (Time is in decaauts)
 A = Elapsed time spent in this place.
 B = Non-inter-level travel time spent in this place.
 C = Inter-level travel time spent in this place.
 D = Time resting spent in this place.
 E = Time spent auto-exploring this place.
 F = Levels seen in this place.
 G = Mean time per level.
                   A        B        C        D        E       F      G
               +--------+--------+--------+--------+--------+-----+--------+
         Total |  10507 |  10266 |    241 |   2119 |   6295 |  11 |  955.2 |
       Dungeon |  10498 |  10260 |    238 |   2119 |   6293 |  10 | 1049.8 |
        Temple |      9 |      6 |      3 |      0 |      2 |   1 |    9.0 |
               +--------+--------+--------+--------+--------+-----+--------+

Top non-repeatable levels by time:
     D:5: 1706 daAuts
     D:6: 1519 daAuts
     D:4: 1511 daAuts
     D:7: 1489 daAuts
     D:1: 1422 daAuts
     D:3: 1348 daAuts
     D:2: 874 daAuts
    D:10: 392 daAuts
     D:8: 161 daAuts
     D:9: 72 daAuts
  Temple: 9 daAuts
